[ AOE2 MATCH · #507271935 ]
UnrankedCumans vs Spanish
Player's team · WIN
Rival team · LOSS
[ REPLAY ANALYSIS · EXTRACTED FROM THE RECORDED GAME ]
Feudal
8:33
Castle
24:36
Imperial
37:57
| APM avg | 33.4 |
| APM peak | 76 |
| eAPM avg | 20.2 |
| Villagers / military | 110 / 140 |
Focus
⚔️ 40.6% · 🌾 59.4%
Skirmisher ×56 · Spearman ×36 · Camel Scout ×29 · Kipchak ×9 · Battering Ram ×4 · Cavalry Archer ×4
Feudal
10:30
Castle
18:51
Imperial
34:11
| APM avg | 47.9 |
| APM peak | 92 |
| eAPM avg | 20.8 |
| Villagers / military | 96 / 74 |
Focus
⚔️ 28.2% · 🌾 71.8%
Knight ×32 · Conquistador ×29 · Trebuchet (Packed) ×4 · Petard ×3 · Mangonel ×3 · Battering Ram ×2
Match map
Initial resources + every placement click. Lines = walls · curves = elevation contours. ◆ gold · ⬟ stone · ● berries · ✦ relic · ◌ wall gap
Your base· ✓ Closed at 24:36 · 11t walls · 2 gate(s)
TriTone's base· ✓ Closed at 18:51 · 18t walls · 2 gate(s)
Smoothed initial terrain · ◌ = detected wall gap · hover for details
Inputs per minute
— UpsideDownCumbrian - - TriTone
Build order — UpsideDownCumbrian
First 150 of 389 actions detected
| 0:00 | Queue | Villager (Male) |
| 0:02 | Build | House |
| 0:03 | Build | House |
| 0:15 | Queue | Villager (Male) |
| 0:20 | Queue | Villager (Male) |
| 0:20 | Queue | Villager (Male) |
| 1:31 | Queue | Villager (Male) |
| 1:45 | Build | Lumber Camp |
| 1:57 | Queue | Villager (Male) |
| 2:25 | Queue | Villager (Male) |
| 2:48 | Queue | Villager (Male) |
| 3:19 | Queue | Villager (Male) |
| 3:20 | Queue | Villager (Male) |
| 3:24 | Build | House |
| 4:07 | Queue | Villager (Male) |
| 4:16 | Build | Mill |
| 4:26 | Queue | Villager (Male) |
| 4:59 | Queue | Villager (Male) |
| 5:19 | Queue | Villager (Male) |
| 5:30 | Research | Loom |
| 6:23 | Research | Feudal Age |
| 6:45 | Build | Mining Camp |
| 6:56 | Queue | Villager (Male) |
| 7:46 | Build | House |
| 8:09 | Queue | Villager (Male) |
| 8:33 | Age | Feudal Age |
| 8:37 | Build | Watch Tower |
| 8:47 | Research | Double-Bit Axe |
| 9:08 | Build | Blacksmith |
| 9:29 | Queue | Villager (Male) |
| 10:04 | Queue | Villager (Male) |
| 10:14 | Build | Watch Tower |
| 10:33 | Queue | Villager (Male) |
| 10:55 | Build | Watch Tower |
| 11:51 | Queue | Villager (Male) |
| 12:00 | Build | Town Center |
| 12:12 | Queue | Villager (Male) |
| 12:28 | Build | House |
| 12:35 | Queue | Villager (Male) |
| 13:03 | Queue | Villager (Male) |
| 13:24 | Build | Farm |
| 13:26 | Build | Farm |
| 13:27 | Build | Farm |
| 13:30 | Queue | Villager (Male) |
| 13:42 | Queue | Villager (Male) |
| 14:16 | Queue | Villager (Male) |
| 14:41 | Queue | Villager (Male) |
| 14:43 | Build | Farm |
| 14:49 | Queue | Villager (Male) |
| 14:52 | Build | House |
| 15:19 | Queue | Villager (Male) |
| 15:19 | Queue | Villager (Male) |
| 15:21 | Build | Farm |
| 15:23 | Build | Farm |
| 15:35 | Build | House |
| 15:40 | Queue | Villager (Male) |
| 15:40 | Queue | Villager (Male) |
| 15:48 | Build | Farm |
| 16:05 | Queue | Villager (Male) |
| 16:06 | Queue | Villager (Male) |
| 16:11 | Queue | Villager (Male) |
| 16:22 | Queue | Villager (Male) |
| 16:30 | Build | Farm |
| 16:39 | Build | Farm |
| 16:50 | Queue | Villager (Male) |
| 16:57 | Queue | Villager (Male) |
| 17:00 | Research | Horse Collar |
| 17:04 | Queue | Villager (Male) |
| 17:10 | Build | Farm |
| 17:20 | Build | House |
| 17:23 | Queue | Villager (Male) |
| 17:36 | Build | Farm |
| 17:41 | Queue | Villager (Male) |
| 17:44 | Build | Farm |
| 17:48 | Build | Farm |
| 17:52 | Queue | Villager (Male) |
| 18:01 | Queue | Villager (Male) |
| 18:04 | Build | Farm |
| 18:08 | Build | House |
| 18:08 | Build | House |
| 18:11 | Queue | Villager (Male) |
| 18:18 | Build | Farm |
| 18:21 | Build | Farm |
| 18:28 | Build | Farm |
| 18:39 | Queue | Villager (Male) |
| 18:43 | Build | Farm |
| 18:45 | Queue | Villager (Male) |
| 18:49 | Build | Farm |
| 19:01 | Queue | Villager (Male) |
| 19:06 | Build | Farm |
| 19:14 | Build | House |
| 19:18 | Queue | Villager (Male) |
| 19:27 | Queue | Villager (Male) |
| 19:29 | Build | Market |
| 19:32 | Build | Palisade Wall |
| 19:37 | Queue | Villager (Male) |
| 19:47 | Build | House |
| 20:11 | Queue | Villager (Male) |
| 20:12 | Queue | Villager (Male) |
| 20:23 | Build | Farm |
| 20:25 | Build | Farm |
| 20:28 | Build | Farm |
| 20:30 | Queue | Villager (Male) |
| 20:34 | Queue | Villager (Male) |
| 20:39 | Build | Barracks |
| 20:45 | Build | Watch Tower |
| 20:53 | Build | Farm |
| 20:56 | Queue | Villager (Male) |
| 20:56 | Queue | Villager (Male) |
| 21:00 | Build | House |
| 21:02 | Build | House |
| 21:08 | Build | Watch Tower |
| 21:12 | Build | Farm |
| 21:20 | Queue | Villager (Male) |
| 21:21 | Queue | Villager (Male) |
| 21:56 | Research | Castle Age |
| 22:11 | Build | Palisade Wall |
| 22:18 | Queue | Villager (Male) |
| 22:33 | Build | Mining Camp |
| 22:38 | Queue | Villager (Male) |
| 22:45 | Research | Wheelbarrow |
| 22:58 | Build | Archery Range |
| 23:03 | Queue | Villager (Male) |
| 23:07 | Research | Fletching |
| 23:21 | Queue | Villager (Male) |
| 23:24 | Research | Padded Archer Armor |
| 23:31 | Build | Archery Range |
| 23:47 | Queue | Villager (Male) |
| 23:51 | Research | Gold Mining |
| 23:59 | Queue | Villager (Male) |
| 24:11 | Queue | Skirmisher |
| 24:17 | Queue | Villager (Male) |
| 24:31 | Build | House |
| 24:32 | Build | House |
| 24:34 | Build | House |
| 24:36 | Age | Castle Age |
| 24:39 | Research | Elite Skirmisher (upgrade) |
| 25:01 | Build | University |
| 25:07 | Research | Bodkin Arrow |
| 25:11 | Build | House |
| 25:21 | Queue | Skirmisher |
| 25:23 | Queue | Skirmisher |
| 25:45 | Queue | Skirmisher |
| 25:45 | Queue | Skirmisher |
| 25:52 | Research | Ballistics |
| 26:01 | Queue | Skirmisher |
| 26:01 | Queue | Skirmisher |
| 26:03 | Queue | Villager (Male) |
| 26:19 | Build | Castle |
| 26:30 | Queue | Skirmisher |
Build order — TriTone
First 150 of 298 actions detected
| 0:00 | Queue | Villager (Male) |
| 0:03 | Build | House |
| 0:05 | Build | House |
| 0:11 | Queue | Villager (Male) |
| 0:12 | Queue | Villager (Male) |
| 0:12 | Queue | Villager (Male) |
| 1:28 | Queue | Villager (Male) |
| 2:02 | Queue | Villager (Male) |
| 2:24 | Queue | Villager (Male) |
| 2:55 | Queue | Villager (Male) |
| 3:14 | Queue | Villager (Male) |
| 3:25 | Build | Lumber Camp |
| 3:41 | Queue | Villager (Male) |
| 3:50 | Build | House |
| 4:01 | Queue | Villager (Male) |
| 4:19 | Queue | Villager (Male) |
| 4:19 | Queue | Villager (Male) |
| 4:19 | Queue | Villager (Male) |
| 4:37 | Queue | Villager (Male) |
| 4:52 | Queue | Villager (Male) |
| 5:29 | Queue | Villager (Male) |
| 5:45 | Build | House |
| 6:00 | Build | Mill |
| 6:14 | Queue | Villager (Male) |
| 6:33 | Queue | Villager (Male) |
| 6:49 | Queue | Villager (Male) |
| 7:17 | Build | Mining Camp |
| 7:51 | Queue | Villager (Male) |
| 8:17 | Research | Feudal Age |
| 8:45 | Research | Loom |
| 8:58 | Build | Palisade Wall |
| 9:05 | Build | Palisade Wall |
| 9:59 | Build | House |
| 10:30 | Age | Feudal Age |
| 10:38 | Build | Watch Tower |
| 10:57 | Build | Blacksmith |
| 11:16 | Build | House |
| 11:21 | Queue | Villager (Male) |
| 11:28 | Research | Fletching |
| 11:33 | Build | House |
| 11:58 | Queue | Villager (Male) |
| 12:13 | Queue | Villager (Male) |
| 12:43 | Build | Watch Tower |
| 12:52 | Queue | Villager (Male) |
| 12:56 | Build | Farm |
| 13:02 | Queue | Villager (Male) |
| 13:20 | Queue | Villager (Male) |
| 13:23 | Build | Farm |
| 13:49 | Queue | Villager (Male) |
| 14:18 | Build | Market |
| 14:20 | Queue | Villager (Male) |
| 14:37 | Queue | Villager (Male) |
| 14:56 | Build | House |
| 15:33 | Build | House |
| 15:42 | Build | Mining Camp |
| 16:11 | Research | Castle Age |
| 16:33 | Build | Farm |
| 16:56 | Build | Farm |
| 17:03 | Build | House |
| 17:11 | Research | Horse Collar |
| 17:17 | Build | Farm |
| 17:20 | Build | Farm |
| 17:37 | Build | Farm |
| 17:51 | Build | Farm |
| 18:15 | Research | Double-Bit Axe |
| 18:15 | Research | Double-Bit Axe |
| 18:21 | Build | Farm |
| 18:46 | Build | Farm |
| 18:47 | Build | Farm |
| 18:50 | Queue | Villager (Male) |
| 18:51 | Age | Castle Age |
| 19:04 | Queue | Villager (Male) |
| 19:13 | Build | Farm |
| 19:16 | Build | Farm |
| 19:34 | Build | Castle |
| 19:36 | Queue | Villager (Male) |
| 19:41 | Build | Stone Wall |
| 19:46 | Queue | Villager (Male) |
| 20:00 | Queue | Villager (Male) |
| 20:16 | Build | Monastery |
| 20:40 | Queue | Conquistador |
| 20:40 | Queue | Conquistador |
| 20:43 | Build | Lumber Camp |
| 20:54 | Queue | Missionary |
| 21:13 | Queue | Villager (Male) |
| 21:14 | Queue | Conquistador |
| 21:26 | Build | House |
| 21:29 | Research | Padded Archer Armor |
| 21:30 | Queue | Villager (Male) |
| 21:37 | Build | Farm |
| 21:46 | Build | Farm |
| 21:47 | Queue | Conquistador |
| 22:02 | Queue | Conquistador |
| 22:10 | Queue | Villager (Male) |
| 22:21 | Build | Farm |
| 22:27 | Queue | Petard |
| 22:34 | Build | Farm |
| 22:37 | Build | Farm |
| 22:37 | Queue | Villager (Male) |
| 22:44 | Queue | Villager (Male) |
| 22:48 | Build | Farm |
| 22:58 | Build | House |
| 23:05 | Research | Town Watch |
| 23:08 | Build | Farm |
| 23:09 | Build | Farm |
| 23:10 | Queue | Conquistador |
| 23:11 | Queue | Villager (Male) |
| 23:18 | Queue | Conquistador |
| 23:18 | Queue | Conquistador |
| 23:25 | Build | Outpost |
| 23:31 | Queue | Petard |
| 23:40 | Queue | Villager (Male) |
| 23:42 | Build | Farm |
| 23:56 | Queue | Petard |
| 23:59 | Queue | Villager (Male) |
| 24:12 | Queue | Conquistador |
| 24:13 | Queue | Villager (Male) |
| 24:23 | Queue | Villager (Male) |
| 24:44 | Build | Siege Workshop |
| 24:53 | Queue | Villager (Male) |
| 24:54 | Queue | Conquistador |
| 24:55 | Queue | Conquistador |
| 24:55 | Queue | Conquistador |
| 25:04 | Queue | Conquistador |
| 25:24 | Queue | Conquistador |
| 25:25 | Queue | Conquistador |
| 25:38 | Queue | Battering Ram |
| 25:39 | Queue | Villager (Male) |
| 25:58 | Queue | Villager (Male) |
| 25:59 | Queue | Battering Ram |
| 26:03 | Build | House |
| 26:16 | Queue | Villager (Male) |
| 26:19 | Queue | Conquistador |
| 26:21 | Queue | Villager (Male) |
| 26:30 | Queue | Conquistador |
| 26:31 | Queue | Villager (Male) |
| 26:37 | Build | House |
| 26:44 | Queue | Villager (Male) |
| 26:48 | Queue | Mangonel |
| 26:51 | Queue | Villager (Male) |
| 27:25 | Queue | Conquistador |
| 27:57 | Queue | Conquistador |
| 27:57 | Queue | Villager (Male) |
| 28:15 | Build | Town Center |
| 28:19 | Build | Town Center |
| 28:26 | Queue | Villager (Male) |
| 28:59 | Queue | Villager (Male) |
| 29:06 | Queue | Mangonel |
| 29:24 | Queue | Villager (Male) |
| 29:32 | Queue | Conquistador |
Match timeline
| 8:33 | UpsideDownCumbrian · age_up feudal |
| 8:58 | TriTone · wall_segment Palisade Wall x8 |
| 9:05 | TriTone · wall_segment Palisade Wall x10 |
| 10:30 | TriTone · age_up feudal |
| 15:47 | TriTone · first_market_sell 100 wood |
| 15:50 | TriTone · first_market_buy 100 food |
| 18:51 | TriTone · age_up castle |
| 19:32 | UpsideDownCumbrian · wall_segment Palisade Wall x6 |
| 19:34 | TriTone · first_building Castle |
| 19:41 | TriTone · wall_segment Stone Wall x1 |
| 20:16 | TriTone · first_building Monastery |
| 20:39 | UpsideDownCumbrian · first_building Barracks |
| 21:16 | UpsideDownCumbrian · first_market_sell 100 wood |
| 21:45 | UpsideDownCumbrian · first_market_buy 100 food |
| 22:11 | UpsideDownCumbrian · wall_segment Palisade Wall x5 |
| 22:58 | UpsideDownCumbrian · first_building Archery Range |
| 24:36 | UpsideDownCumbrian · age_up castle |
| 24:44 | TriTone · first_building Siege Workshop |
| 26:19 | UpsideDownCumbrian · first_building Castle |
| 27:30 | UpsideDownCumbrian · first_building Siege Workshop |
| 27:38 | UpsideDownCumbrian · first_building Stable |
| 32:06 | TriTone · first_building Barracks |
| 32:54 | TriTone · first_building Stable |
| 34:11 | TriTone · age_up imperial |
| 37:57 | UpsideDownCumbrian · age_up imperial |
| 42:19 | TriTone · resign |
[ AI ANALYSIS · 1 CREDIT ]
What really happened in this match?
Wolo.gg analyzes every decision: build order, eco, micro, common mistakes by bracket. Personalized analysis on WhatsApp or Discord in 30 seconds.
Civ guide
Cumans
Perfil
Jugador #18648149